 Dungeon Crawl Stone Soup version 0.31-a0-204-g7da18cac08 (webtiles) character file.

Game seed: 10628420996798246598

674 qw the Skirmisher (level 7, -2/40 HPs)
             Began as a Deep Elf Hunter on June 27, 2023.
             Slain by a lemure (5 damage)
             ... led by Pikel
             ... on level 5 of the Dungeon.
             The game lasted 00:01:28 (3653 turns).

qw the Skirmisher (Deep Elf Hunter)                 Turns: 3653, Time: 00:01:28

Health: -2/40      AC: 11    Str: 10    XL:     7   Next: 33%
Magic:  9/9        EV:  9    Int: 14    God:
Gold:   54         SH:  0    Dex: 18    Spells: 6/6 levels left

rFire   + + .        Y - +2 shortbow
rCold   . . .        (shield currently unavailable)
rNeg    . . .        a - +0 scale mail {rF+}
rPois   .            g - +0 helmet
rElec   .            (no cloak)
rCorr   .            (no gloves)
SInv    .            (no boots)
Will    .....        (no amulet)
Stlth   +            e - +4 ring of protection
HPRegen 0.26/turn    c - ring of protection from fire
MPRegen 0.11/turn

%: no passive effects
@: no status effects
A: no striking features
a: no special abilities


You were on level 5 of the Dungeon.
You visited 1 branch of the dungeon, and saw 5 of its levels.

You collected 186 gold pieces.
You spent 132 gold pieces at shops.


   Skills:
 - Level 2.0 Fighting
 - Level 11.3 Ranged Weapons
 - Level 1.0 Armour
 + Level 2.4 Dodging
 - Level 1.2 Stealth


You had 6 spell levels left.
You didn't know any spells.
Your spell library was empty.

Inventory:

Hand Weapons
 Y - a +2 shortbow (weapon)
Armour
 a - a +0 scale mail of fire resistance (worn)
 b - a +0 ring mail
 g - a +0 helmet (worn)
Jewellery
 c - a ring of protection from fire (right hand)
 e - a +4 ring of protection (left hand)
Scrolls
 h - a scroll of identify
Potions
 f - 2 potions of curing
 k - a potion of might {unknown}
 l - a potion of attraction {unknown}
 m - a potion of resistance {unknown}

Dungeon Overview and Level Annotations

Branches:
Dungeon (5/15)
 Temple: D:4-7

Altars:
Cheibriados
Fedhas
Vehumet

Shops:
D:1 =   D:4 [

Annotations:
D:4 1 runed translucent door, qw's ghost, amateur DEHu
D:5 Pikel


Message History

Pikel is moderately wounded.
You shoot an arrow. The arrow closely misses Pikel.
Pikel waves his whip at you.
You shoot an arrow. The arrow barely misses Pikel.
The arrow barely misses the lemure.
You shoot an arrow.
The arrow hits Pikel but does no damage.
Pikel is moderately wounded.
A lemure comes into view.
Pikel hits you but does no damage. x2
You shoot an arrow. The lemure shouts!
The arrow hits Pikel but does no damage.
Pikel is moderately wounded.
The lemure closely misses you. Pikel barely misses you.
You shoot an arrow. The arrow barely misses Pikel.
The arrow closely misses the lemure.
Pikel says, "Hell isn't that bad."
Pikel hits you with a +1 whip of flaming.
You shoot an arrow. The arrow closely misses Pikel.
The arrow hits the lemure.
The lemure is moderately wounded.
The lemure hits you. The lemure hits you but does no damage.
Pikel hits you with a +1 whip of flaming.
You shoot an arrow.
The arrow hits Pikel but does no damage.
Pikel is moderately wounded.
The lemure hits you. The lemure hits you but does no damage.
Pikel hits you with a +1 whip of flaming!
Pikel burns you.
A scorpion comes into view.
You shoot an arrow. The arrow closely misses Pikel.
The arrow hits the lemure!
The lemure is severely wounded.
The lemure hits you. The lemure hits you! Pikel barely misses you.
You shoot an arrow.
The arrow hits Pikel but does no damage.
Pikel is lightly wounded.
The lemure hits you.
Pikel hits you with a +1 whip of flaming.
The lemure hits you.
You die...

#########.#.............
#.######.....###
#.######.#####
............#
.######.##.# #.##.# #
#.##.# .#
...?###+##'###...+
#..5K@.........#
#....55...<.....#
.......5.........#
.#..#+####+###...# .s#
...# . #.# .# #


You could see Pikel, 4 lemures and a scorpion.

Vanquished Creatures
  Duvessa (D:4)
  A black bear (D:5)
  Dowan (D:4)
  2 orc priests
  2 hounds (D:5)
  A jelly (D:4)
  Jessica (D:2)
  An orc wizard (D:3)
  7 gnolls (D:3)
  5 adders
  An ufetubus (D:5)
  7 worms
  2 dart slugs
  12 orcs
  5 endoplasms
  4 giant cockroaches
  9 goblins
  6 hobgoblins
  6 jackals
  9 kobolds
  2 quokkas
  5 ball pythons
  2 bats
  4 rats
96 creatures vanquished.

Notes
Turn   | Place    | Note
-------+----------+-------------------------------------------
     0 | D:1      | qw the Deep Elf Hunter began the quest for the Orb.
     0 | D:1      | Reached XP level 1. HP: 12/12 MP: 3/3
     0 | D:1      | 0 ||| qw: Version: 0.3-a-22-g0ed2b0b
     0 | D:1      | 0 ||| qw: Game counter: 6637
     0 | D:1      | 0 ||| qw: Melee chars always use a shield: true
     0 | D:1      | 0 ||| qw: God list: Okawaru
     0 | D:1      | 0 ||| qw: Allow faded altars: false
     0 | D:1      | 0 ||| qw: Do Orc after clearing Dungeon:15 true
     0 | D:1      | 0 ||| qw: Do second Lair branch before Depths: true
     0 | D:1      | 0 ||| qw: Lair rune preference: random
     0 | D:1      | 0 ||| qw: Goals: Normal
     0 | D:1      | 0 ||| PLANNING D:1-11
    39 | D:1      | HP: 3/12 [jackal (2)]
   116 | D:1      | Found Tekeah's Jewellery Emporium.
   119 | D:1      | Reached XP level 2. HP: 16/16 MP: 4/4
   123 | D:1      | Reached skill level 6 in Ranged Weapons
   129 | D:1      | 129 ||| SHOPLISTING +4 ring of protection (396 gold, have
                  | 4).
   129 | D:1      | 129 ||| SHOPLISTING +4 ring of slaying (858 gold, have 4).
   129 | D:1      | 129 ||| SHOPLISTING +5 ring of evasion (396 gold, have 4).
   129 | D:1      | 129 ||| SHOPLISTING amulet of reflection (330 gold, have
                  | 4).
   129 | D:1      | 129 ||| SHOPLISTING ring "Vouhumi" {+Blink rN+ Will+ Str-2}
                  | (429 gold, have 4).
   129 | D:1      | 129 ||| SHOPLISTING ring of positive energy (220 gold, have
                  | 4).
   912 | D:1      | 912 ||| UPGRADING to +4 ring of protection.
   913 | D:1      | 913 ||| READING scroll labelled ROIRUD KADERA.
   917 | D:1      | 917 ||| READING scroll labelled UDAHET ADET.
   918 | D:1      | 918 ||| READING 3 scrolls labelled VAUR JAFRIR.
   919 | D:1      | 919 ||| READING scroll labelled INEDIDD YQAI.
   920 | D:1      | 920 ||| READING 2 scrolls of identify.
   920 | D:1      | 920 ||| IDENTIFYING fizzy orange potion
   921 | D:1      | 921 ||| DROPPING scroll of butterflies.
   988 | D:2      | Reached XP level 3. HP: 20/20 MP: 5/5
  1152 | D:2      | Noticed Jessica
  1167 | D:2      | Killed Jessica
  1168 | D:2      | Reached skill level 7 in Ranged Weapons
  1172 | D:2      | Reached XP level 4. HP: 25/25 MP: 6/6
  1181 | D:2      | Found a faded altar of an unknown god.
  1251 | D:2      | 1251 ||| READING scroll of enchant weapon.
  1251 | D:2      | 1251 ||| ENCHANTING +1 shortbow.
  1806 | D:2      | 1806 ||| UPGRADING to +0 ring mail.
  1816 | D:2      | 1816 ||| DROPPING +0 leather armour.
  1817 | D:2      | 1817 ||| READING scroll labelled AREAJE DIHEOZE.
  1818 | D:2      | 1818 ||| DRINKING 2 sedimented white potions.
  1819 | D:2      | 1819 ||| DROPPING potion of brilliance.
  1835 | D:3      | 1835 ||| STAIRDANCE
  1869 | D:3      | Found the +6 shillelagh "Devastator" {shatter}
  1954 | D:3      | 1954 ||| Stepping ~*~*~tactically~*~*~ (outnumbered).
  1963 | D:3      | Reached skill level 8 in Ranged Weapons
  2064 | D:3      | Reached XP level 5. HP: 27/29 MP: 7/7
  2103 | D:3      | Found a blossoming altar of Fedhas.
  2103 | D:3      | Found a snail-covered altar of Cheibriados.
  2241 | D:3      | Reached skill level 9 in Ranged Weapons
  2535 | D:3      | 2535 ||| FLEEEEING.
  2542 | D:3      | HP: 6/30 [gnoll/+0 flail (5)]
  2543 | D:3      | 2543 ||| READING scroll of teleportation.
  2726 | D:3      | 2726 ||| UPGRADING to +0 helmet.
  2731 | D:3      | 2731 ||| UPGRADING to ring of protection from fire.
  2732 | D:3      | 2732 ||| READING scroll labelled PITIED FASUF.
  2733 | D:3      | 2733 ||| READING 2 scrolls of identify.
  2733 | D:3      | 2733 ||| IDENTIFYING yellow potion
  2734 | D:3      | 2734 ||| DROPPING potion of lignification.
  2745 | D:4      | Found Urrutus's Armour Shoppe.
  2748 | D:4      | 2748 ||| BUYING +0 scale mail of fire resistance (132
                  | gold).
  2748 | D:4      | Bought a +0 scale mail of fire resistance for 132 gold
                  | pieces
  2748 | D:4      | 2748 ||| SHOPLISTING +2 pair of gloves (198 gold, have 8).
  2769 | D:4      | Reached XP level 6. HP: 35/35 MP: 8/8
  2772 | D:4      | 2772 ||| FLEEEEING.
  2773 | D:4      | 2773 ||| FLEEEEING.
  2774 | D:4      | 2774 ||| FLEEEEING.
  2775 | D:4      | 2775 ||| FLEEEEING.
  2776 | D:4      | 2776 ||| FLEEEEING.
  2777 | D:4      | 2777 ||| FLEEEEING.
  2778 | D:4      | 2778 ||| FLEEEEING.
  2779 | D:4      | 2779 ||| FLEEEEING.
  2780 | D:4      | 2780 ||| FLEEEEING.
  2781 | D:4      | 2781 ||| FLEEEEING.
  2782 | D:4      | 2782 ||| FLEEEEING.
  2783 | D:4      | 2783 ||| FLEEEEING.
  2784 | D:4      | 2784 ||| FLEEEEING.
  2785 | D:4      | 2785 ||| STAIRDANCE
  2821 | D:3      | 2821 ||| UPGRADING to +0 scale mail of fire resistance.
  2833 | D:4      | 2833 ||| STAIRDANCE
  2877 | D:4      | Reached skill level 1 in Armour
  2936 | D:4      | Found a radiant altar of Vehumet.
  3084 | D:4      | Noticed Duvessa
  3084 | D:4      | Noticed Dowan
  3090 | D:4      | Killed Duvessa
  3091 | D:4      | Reached skill level 10 in Ranged Weapons
  3104 | D:4      | Killed Dowan
  3213 | D:4      | Found a runed translucent door.
  3218 | D:4      | Noticed qw's ghost (amateur DEHu)
  3419 | D:4      | 3419 ||| READING scroll labelled RYDDAACWIPH.
  3460 | D:5      | Entered Level 5 of the Dungeon
  3567 | D:5      | Reached XP level 7. HP: 37/40 MP: 9/9
  3580 | D:5      | 3580 ||| Stepping ~*~*~tactically~*~*~ (outnumbered).
  3640 | D:5      | Reached skill level 11 in Ranged Weapons
  3641 | D:5      | Noticed Pikel
  3652 | D:5      | HP: 9/40 [lemure[Pikel] (8)]
  3653 | D:5      | HP: 3/40 [Pikel/+1 whip of flaming (3)]
  3653 | D:5      | Slain by a lemure

Levels and vault maps discovered:
D:1:      nzn_arrival_depleted_hourglass, layout_basic, serial_shops, shop
D:2:      layout_basic, ebering_ecumenical_altar_mist, uniq_jessica
D:3:      layout_loops_ring, nicolae_overflow_two_pavilions, moated_statue
D:4:      layout_rooms, nicolae_vehumet_radiance, serial_shops,
          nicolae_stop_n_shop_1, ebering_ghost_sewer_d, minmay_misc_feat_roman,
          dk_noncrumbling_2, uniq_duvessa
D:5:      layout_basic, marbit_many_paths, minmay_temple_entry_mini_moons,
          nicolae_nh_ransacked_shop, uniq_pikel

Skill      XL: |  1  2  3  4  5  6  7 |
---------------+----------------------+-----
Ranged Weapons | 6 7 8 9 10 11 | 11.3
Fighting       | 2 |  2.0
Armour         | 1 |  1.0
Dodging        | |  2.4
Stealth        | |  1.2

Action                     |  1- 3 |  4- 6 |  7- 9 || total
---------------------------+-------+-------+-------++-------
   Fire: Shortbow          |   110 |   192 |    37 ||   339
    Use: Scroll            |     5 |     6 |       ||    11
         Potion            |       |     1 |       ||     1
 Armour: Leather armour    |    20 |     3 |       ||    23
         Ring mail         |       |    10 |       ||    10
         Scale mail        |       |    22 |     9 ||    31
  Dodge: Dodged            |    54 |    42 |     7 ||   103

Table legend:
 A = Non-vault XP
 B = Vault XP
 C = Vault XP percentage of total XP
 D = Non-vault monster count
 E = Vault monster count
 F = Vault count percentage of total count
                 A         B        C        D         E       F
            +---------+---------+-------+---------+---------+-------
      Total |     723 |     241 |  25.0 |      93 |       3 |   3.1
            +---------+---------+-------+---------+---------+-------
        D:1 |      34 |       0 |   0.0 |      21 |       0 |   0.0
        D:2 |      69 |      37 |  34.9 |      22 |       1 |   4.3
        D:3 |     216 |       0 |   0.0 |      28 |       0 |   0.0
        D:4 |     111 |     204 |  64.8 |      11 |       2 |  15.4
        D:5 |     293 |       0 |   0.0 |      11 |       0 |   0.0
            +---------+---------+-------+---------+---------+-------
